Map: 이터널 엠파이어 - 래더

Players

Bunny - Winner!

  • Race: Terran Terran
  • Spawn Location: 1:00

TIME (Oliveira)

  • Race: Terran Terran
  • League: Grandmaster
  • Spawn Location: 7:00

VOD

Have the link to the VOD?

Description

Time

  • Played on: Jan. 16, 2020, 4:45 a.m.
  • Length: 6:03
Show
View Real Time Build Order
Export as new Build Order

Bunny Terran - Winner!

Build Orders:  

Get SALT Encoding   

  12  0:00  SCV  
  14  0:15  Supply Depot  
  14  0:17  SCV  
  14  0:29  SCV  
  15  0:38  Barracks  
  15  0:44  Refinery  
  15  0:56  Barracks  
  15  1:00  SCV  
  16  1:12  SCV  
  17  1:25  Orbital Command  
  17  1:26  Reaper  
  17  1:31  Refinery  
  18  1:44  Reaper  
  19  1:50  Supply Depot  
  19  1:52  SCV  
  20  1:59  Reaper  
  21  2:04  SCV  
  22  2:16  Reaper  
  22  2:21  SCV  
  21  2:32  Reaper  
  14  2:48  Reaper  
  8  3:04  Reaper  
  7  3:20  Reaper  
  8  3:39  Marine  
  9  3:52  Marine  
  10  3:57  Marine  
  11  4:04  Orbital Command  
  11  4:10  Marine  
  12  4:40  SCV  
  13  4:52  SCV  
  14  5:04  SCV  
  15  5:16  Supply Depot  
  15  5:26  Marine  
  15  5:36  SCV  
  15  5:37  Marine  
  11  5:44  Marine  
  11  5:48  SCV  
Show
View Real Time Build Order
Export as new Build Order

TIME Terran 

Build Orders:  

Get SALT Encoding   

  12  0:00  SCV  
  13  0:13  SCV  
  14  0:18  Supply Depot  
  14  0:40  Barracks  
  14  0:44  Refinery  
  14  0:55  Barracks  
  14  0:59  SCV  
  15  1:11  SCV  
  16  1:27  Orbital Command  
  16  1:28  Reaper  
  16  1:31  Refinery  
  17  1:46  Reaper  
  18  1:48  Supply Depot  
  19  1:54  SCV  
  19  2:01  Reaper  
  19  2:18  Reaper  
  17  2:33  Reaper  
  12  2:50  Reaper  
  6  3:05  Reaper  
  7  3:22  Marine  
  8  3:37  Marine  
  8  3:40  Marine  
  10  3:55  Marine  
  11  3:57  Marine  
  12  4:28  Marine  
  13  4:32  Orbital Command  
Tags
 
Add a new tag
Caveats
  • Supply blocks, unpowered buildings, or Contaminate may cause inaccurate times.
  • Supply counts are checked every 10 seconds.